 Dungeon Crawl Stone Soup version 0.31-a0-986-g5e6e4ef867 (webtiles) character file.

Game seed: 12289983925988352507

117 Dittersdorf the Shield-Bearer (level 5, -3/42 HPs)
             Began as a Human Fighter on Nov 7, 2023.
             Killed by divine providence
             ... invoked by an orc priest
              (10 damage)
             ... on level 3 of the Dungeon.
             The game lasted 00:02:11 (1829 turns).

Dittersdorf the Shield-Bearer (Human Fighter)       Turns: 1829, Time: 00:02:11

Health: -3/42      AC:  5    Str: 24    XL:     5   Next: 22%
Magic:  1/1        EV: 10    Int:  8    God:
Gold:   112        SH:  5    Dex: 19    Spells: 4/4 levels left

rFire   . . .        t - +7 dagger "Pamapt" {antimagic, Str+6}
rCold   . . .        c - +0 buckler
rNeg    + . .        i - +1 leather armour {rN+}
rPois   .            m - +0 helmet
rElec   .            (no cloak)
rCorr   .            (no gloves)
SInv    .            (no boots)
Will    .....        (no amulet)
Stlth   +            n - +6 ring of dexterity
HPRegen 0.27/turn    (no ring)
MPRegen 0.07/turn

%: no passive effects
@: no status effects
A: no striking features
a: no special abilities


You were on level 3 of the Dungeon.
You visited 1 branch of the dungeon, and saw 3 of its levels.

You collected 112 gold pieces.

Inventory:

Hand Weapons
 a - a +0 long sword
 t - the +7 dagger "Pamapt" (weapon) {antimagic, Str+6}
   (You found it on level 2 of the Dungeon)

   Str+6:     It affects your strength (+6).
Armour
 c - a +0 buckler (worn)
 i - a +1 leather armour of positive energy (worn)
 m - a +0 helmet (worn)
Jewellery
 n - a +6 ring of dexterity (left hand)
Scrolls
 b - a scroll of vulnerability {unknown}
 f - 2 scrolls of teleportation {unknown}
 g - a scroll of silence {unknown}
 j - 3 scrolls of revelation {unknown}
 l - 4 scrolls of identify {unknown}
 p - a scroll of fog {unknown}
Potions
 d - a potion of might
 e - 2 potions of lignification {unknown}
 h - a potion of brilliance {unknown}
 k - 2 potions of heal wounds {unknown}
 o - a potion of mutation {unknown}
 q - a potion of attraction {unknown}
 r - a potion of curing {unknown}
 s - a potion of enlightenment {unknown}


   Skills:
 + Level 3.7 Fighting
 + Level 0.1(1.7) Short Blades
 - Level 3.0 Long Blades
 + Level 3.7 Armour
 + Level 3.7 Shields


You had 4 spell levels left.
You didn't know any spells.
Your spell library was empty.

Dungeon Overview and Level Annotations

Branches:
Dungeon (3/15)

Altars:

Shops:
D:1 (

Annotations:
D:3 3 runed translucent doors


Message History

The orc wizard's magic leaks into the air.
The orc wizard is severely wounded.
You block the orc priest's attack.
The orc wizard hits you but does no damage.
The orc priest casts a cantrip, but nothing happens.
The orc hits you with a +0 war axe!
You are too injured to fight recklessly!
You are too injured to fight recklessly!
You are too injured to fight recklessly!
You are too injured to fight recklessly!
You are too injured to fight recklessly!
You are too injured to fight recklessly!
You are too injured to fight recklessly!
You are too injured to fight recklessly!
You are too injured to fight recklessly!
You are too injured to fight recklessly!
You are too injured to fight recklessly!
You are too injured to fight recklessly!
You are too injured to fight recklessly!
You are too injured to fight recklessly!
You are too injured to fight recklessly!
You are too injured to fight recklessly!
You are too injured to fight recklessly!
The orc priest looks encouraged for a moment.
The orc priest calls upon Beogh to heal the orc wizard.
The orc wizard is healed somewhat.
The orc priest looks braver for a moment.
The orc priest calls down the wrath of Beogh upon you.
Beogh smites you!
* * * LOW HITPOINT WARNING * * *
The orc priest calls upon Beogh to heal the orc wizard.
The orc wizard is healed somewhat.
The orc wizard's magic is no longer disrupted.
The orc wizard casts a spell.
The orc wizard flickers and vanishes!
Deactivating autopickup; reactivate with Ctrl-A.
The orc priest looks satisfied for a moment.
The orc priest mumbles some strange prayers to Beogh against you.
Beogh smites you!
You die...

... #.. ### #.##### #.. $.....
#.# ####.#.#####
#.#####........... .
+................. .
#.########.#.#### .#
#.#.@.o.{oo..# ..
#.#.######.o.####### .# #.#.#
#......$.....
.############.#.####.#..........
.#†#.#.........).........o......
..#.#....####.#..###.#..........
8†#8#.8.........................
..#.#...##....#..###.#..........
##.#.###.#.##.#..###.#.#.##..###


You could see 2 orc priests and 2 orcs.

Vanquished Creatures
  4 gnolls
  3 adders (D:2)
  4 dart slugs
  2 endoplasms
  3 giant cockroaches
  A goblin (D:2)
  3 hobgoblins
  3 jackals
  8 kobolds
  2 quokkas
  4 ball pythons
  3 bats
  3 frilled lizards
  4 rats
47 creatures vanquished.

Notes
Turn   | Place    | Note
-------+----------+-------------------------------------------
     0 | D:1      | Dittersdorf the Human Fighter began the quest for the Orb.
     0 | D:1      | Reached XP level 1. HP: 18/18 MP: 1/1
    23 | D:1      | Found Baefappi's Weapon Boutique.
    39 | D:1      | Reached XP level 2. HP: 22/24 MP: 2/2
   854 | D:1      | Reached XP level 3. HP: 29/29 MP: 3/3
  1143 | D:2      | Reached XP level 4. HP: 35/35 MP: 4/4
  1431 | D:2      | Reached XP level 5. HP: 37/42 MP: 5/5
  1482 | D:2      | Found a faded altar of an unknown god.
  1678 | D:2      | Identified the +7 dagger "Pamapt" {antimagic, Str+6}
  1769 | D:3      | Found a runed translucent gate.
  1769 | D:3      | Found a runed translucent gate.
  1769 | D:3      | Found a runed translucent gate.
  1829 | D:3      | Killed from afar by an orc priest

Illustrated notes

Levels and vault maps discovered:
D:1:      dpeg_arrival_arbitrary_c, layout_basic, serial_shops,
          nicolae_shop_scrapyard
D:2:      layout_rooms, dreamdust_ecumenical_altar_statues
D:3:      layout_basic, amcnicky_altar_gilded, gammafunk_temple_of_torment,
          gammafunk_ghost_icy, nicolae_twisty_statue_hallways

Skill      XL: |  1  2  3  4  5 |
---------------+----------------+-----
Long Blades    | 3 |  3.0
Fighting       | |  3.7
Short Blades   | |  0.1
Armour         | |  3.7
Shields        | |  3.7

Action                     |  1- 3 |  4- 6 || total
---------------------------+-------+-------++-------
  Melee: Long sword        |    98 |    54 ||   152
         Dagger            |       |    18 ||    18
   Stab: Sleeping          |     1 |       ||     1
 Armour: Scale mail        |    11 |       ||    11
         Leather armour    |    50 |    62 ||   112
  Dodge: Dodged            |    56 |    49 ||   105
  Block: Buckler           |    22 |    19 ||    41

Table legend: (Time is in decaauts)
 A = Elapsed time spent in this place.
 B = Non-inter-level travel time spent in this place.
 C = Inter-level travel time spent in this place.
 D = Time resting spent in this place.
 E = Time spent auto-exploring this place.
 F = Levels seen in this place.
 G = Mean time per level.
                   A        B        C        D        E       F      G
               +--------+--------+--------+--------+--------+-----+--------+
         Total |   1875 |   1814 |     61 |    207 |   1160 |   3 |  625.0 |
       Dungeon |   1875 |   1814 |     61 |    207 |   1160 |   3 |  625.0 |
               +--------+--------+--------+--------+--------+-----+--------+

Top non-repeatable levels by time:
     D:1: 1204 daAuts
     D:2: 564 daAuts
     D:3: 106 daAuts
